 Dungeon Crawl Stone Soup version 0.28-a0-620-g539b0f7ac7 (webtiles) character file.

Game seed: 165606265515018457

2342 helsbecter the Cleaver (level 9, -4/70 HPs)
             Began as a Minotaur Berserker on Oct 7, 2021.
             Was a Priest of Trog.
             Killed from afar by a steam dragon (13 damage)
             ... with a ball of steam
             ... on level 6 of the Dungeon.
             The game lasted 00:11:07 (5551 turns).

helsbecter the Cleaver (Minotaur Berserker)         Turns: 5551, Time: 00:11:08

Health: -4/70      AC:  9    Str: 24    XL:     9   Next: 20%
Magic:  8/8        EV: 11    Int:  4    God:    Trog [***...]
Gold:   327        SH:  0    Dex: 11    Spells: 8/8 levels left

rFire   . . .      SeeInvis .   q - +0 war axe
rCold   . . .      Faith    .   (no shield)
rNeg    . . .      Spirit   .   n - +0 ring mail
rPois   .          Reflect  .   (helmet restricted)
rElec   .          Harm     .   (no cloak)
rCorr   .          Rampage  .   i - +2 pair of gloves
Will    .....                   c - +0 pair of boots
Stlth   ..........              (no amulet)
HPRegen 0.21/turn               (no ring)
MPRegen 0.11/turn               (no ring)

@: confused, studying Short Blades
A: horns 2, retaliatory headbutt
a: Renounce Religion, Berserk, Trog's Hand


You were on level 6 of the Dungeon.
You worshipped Trog.
Trog was most pleased with you.
You visited 1 branch of the dungeon, and saw 6 of its levels.

You collected 327 gold pieces.

Inventory:

Hand Weapons
 q - a +0 war axe (weapon)
Armour
 c - a +0 pair of boots (worn)
 i - a +2 pair of gloves (worn)
 n - a +0 ring mail (worn)
Jewellery
 o - a ring of ice
Wands
 e - a wand of mindburst (16)
 p - a wand of flame (17)
Scrolls
 d - 2 scrolls of immolation {unknown}
 f - a scroll of noise {unknown}
 g - 3 scrolls of vulnerability {unknown}
 h - a scroll of blinking {unknown}
 j - 4 scrolls of teleportation {unknown}
 l - a scroll of enchant weapon {unknown}
Potions
 a - a potion of curing
 b - a potion of lignification
 m - 5 potions of attraction
 r - a potion of mutation {unknown}


   Skills:
 - Level 3.6 Fighting
 * Level 14.8 Axes
 - Level 2.4 Armour
 - Level 2.1 Dodging


You had 8 spell levels left.
You didn't know any spells.
Your spell library was empty.

Dungeon Overview and Level Annotations

Branches:
Dungeon (6/15)             Temple (0/1) D:4

Altars:


Innate Abilities, Weirdness & Mutations

You have a pair of horns on your head.
You reflexively headbutt those who attack you in melee.


Message History

The orc warrior hits you with a +0 glaive.
The orc wizard hits you but does no damage.
You're too confused to move!
The orc warrior hits you with a +0 glaive!
The orc wizard hits you with a +0 dagger.
You bump into the rock wall.
The orc wizard casts a spell at you.
You are more confused.
The orc warrior hits you with a +0 glaive!
The orc wizard misses you.
You slash the orc warrior!
The orc warrior is heavily wounded.
You closely miss the orc wizard. You miss the orc wizard.
The orc wizard misses you. The orc warrior closely misses you.
You hit the orc warrior. You headbutt the orc warrior!
The orc warrior is severely wounded.
You closely miss the orc wizard. You slash the orc wizard!
The orc wizard hits you but does no damage.
The orc wizard completely misses you.
You closely miss the orc warrior. Your headbutt misses the orc warrior.
The orc warrior is severely wounded.
You hit the orc wizard.
You kill the orc wizard!
Trog accepts your kill.
Trog appreciates your killing of a magic user.
You hit the orc wizard.
The orc warrior hits you with a +0 glaive!
* * * LOW HITPOINT WARNING * * *
The orc wizard hits you but does no damage.
Okay, then.
You bump into the rock wall.
The orc warrior closely misses you.
The orc wizard hits you with a +0 dagger.
* * * LOW HITPOINT WARNING * * *
You're too confused to move!
The steam dragon closely misses you. The steam dragon barely misses you.
The orc warrior barely misses you.
The orc wizard hits you but does no damage.
You're too confused to move!
The steam dragon breathes steam at you. The ball of steam hits you!
You die...

#.....##.......#.......<#.##
#.....########.#.#.###### #
####>.......).............
########.##.###.####...
#.##.# #:# #######.##.# #.#
........##.. ..#
.......)#####...
.......@o)..+...
......Do##### .. ........#
........# .........
.......... #######....
#..... #.....o


You could see a steam dragon (catching breath), an orc warrior and an orc
wizard.

Vanquished Creatures
  Pikel (D:5)
  Sigmund (D:5)
  A steam dragon (D:6)
  2 ice beasts
  A necrophage (D:4)
  3 ogres (D:5)
  A centaur (D:5)
  4 lemures (D:5)
  5 scorpions
  A wyvern skeleton (D:5)
  2 howler monkeys (D:4)
  A bullfrog zombie (D:5)
  3 hounds
  2 jellies
  2 orc priests (D:3)
  2 centaur skeletons
  An iguana (D:5)
  Ijyb (D:4)
  2 orc wizards
  6 adders
  An ufetubus (D:4)
  3 worms
  2 dart slugs (D:1)
  15 orcs
  7 endoplasms
  3 giant cockroaches
  15 goblins
  8 hobgoblins
  A jackal (D:4)
  7 kobolds
  4 quokkas
  4 ball pythons (D:1)
  6 bats
  4 frilled lizards
  A rat (D:3)
123 creatures vanquished.

Vanquished Creatures (others)
  A fungus (D:1)
  A plant (D:4)
  4 toadstools (D:1)
6 creatures vanquished.

Grand Total: 129 creatures vanquished

Notes
Turn   | Place    | Note
-------+----------+-------------------------------------------
     0 | D:1      | helsbecter the Minotaur Berserker began the quest for the
                  | Orb.
     0 | D:1      | Reached XP level 1. HP: 19/19 MP: 0/0
   123 | D:1      | Reached skill level 4 in Axes
   135 | D:1      | Reached XP level 2. HP: 18/26 MP: 1/1
   420 | D:1      | Reached skill level 5 in Axes
   431 | D:1      | Reached XP level 3. HP: 26/31 MP: 2/2
   662 | D:1      | Found a faded altar of an unknown god.
   941 | D:2      | Reached ** piety under Trog
  1252 | D:2      | Reached XP level 4. HP: 36/39 MP: 3/3
  1268 | D:2      | Reached skill level 6 in Axes
  2504 | D:3      | Reached skill level 7 in Axes
  2504 | D:3      | Reached XP level 5. HP: 32/45 MP: 4/4
  2913 | D:3      | Reached skill level 8 in Axes
  3074 | D:4      | Reached XP level 6. HP: 45/51 MP: 5/5
  3106 | D:4      | Reached *** piety under Trog
  3229 | D:4      | Noticed a rust devil
  3276 | D:4      | Found a staircase to the Ecumenical Temple.
  3342 | D:4      | Reached skill level 9 in Axes
  3507 | D:4      | Noticed an angel
  3595 | D:4      | Noticed Ijyb
  3609 | D:4      | Killed Ijyb
  3619 | D:4      | Reached XP level 7. HP: 34/57 MP: 6/6
  3638 | D:4      | Reached skill level 10 in Axes
  3898 | D:5      | Entered Level 5 of the Dungeon
  4209 | D:5      | Reached skill level 11 in Axes
  4509 | D:5      | Reached XP level 8. HP: 64/64 MP: 7/7
  4520 | D:5      | Noticed Pikel
  4530 | D:5      | Killed Pikel
  4531 | D:5      | Reached skill level 13 in Axes
  5009 | D:5      | Reached skill level 14 in Axes
  5067 | D:5      | Identified the -2 pair of boots of the Stonemason {rC+
                  | Str+3}
  5179 | D:5      | Reached XP level 9. HP: 62/70 MP: 8/8
  5365 | D:5      | Noticed Sigmund
  5377 | D:5      | Killed Sigmund
  5551 | D:6      | Killed from afar by a steam dragon

Illustrated notes

Levels and vault maps discovered:
D:1:      nicolae_arrival_memento_mori, layout_rooms,
          shapermc_ecumenical_altar_hornbeckon, minmay_misc_feat_five,
          minmay_gold_behind_fungi
D:2:      layout_loops_corners, minmay_crystal_water, minmay_goblin_outpost
D:3:      layout_loops_cross
D:4:      layout_loops_ring, temple_garden, minmay_manual_mullet, uniq_ijyb
D:5:      layout_rooms, uniq_sigmund, uniq_pikel
D:6:      layout_basic

Skill      XL: |  1  2  3  4  5  6  7  8 |
---------------+-------------------------+-----
Axes           | 4 5 7 8 9 11 14 | 14.8
Fighting       | |  3.6
Armour         | |  2.4
Dodging        | |  2.1

Action                   |  1- 3 |  4- 6 |  7- 9 || total
-------------------------+-------+-------+-------++-------
Melee: Hand axe          |    62 |   148 |     9 ||   219
       Headbutt          |     9 |    18 |    27 ||    54
       War axe           |       |       |   110 ||   110
Invok: Berserk           |       |     1 |     5 ||     6
  Use: Scroll            |       |       |     3 ||     3
Armor: Animal skin       |    18 |    16 |       ||    34
       Leather armour    |       |    26 |    25 ||    51
       Ring mail         |       |       |    15 ||    15
Dodge: Dodged            |    34 |    64 |    67 ||   165

Table legend: (Time is in decaauts)
 A = Elapsed time spent in this place.
 B = Non-inter-level travel time spent in this place.
 C = Inter-level travel time spent in this place.
 D = Time resting spent in this place.
 E = Time spent auto-exploring this place.
 F = Levels seen in this place.
 G = Mean time per level.
                   A        B        C        D        E       F      G
               +--------+--------+--------+--------+--------+-----+--------+
         Total |   5615 |   5510 |    105 |    881 |   3798 |   6 |  935.8 |
       Dungeon |   5615 |   5510 |    105 |    881 |   3798 |   6 |  935.8 |
               +--------+--------+--------+--------+--------+-----+--------+

Top non-repeatable levels by time:
     D:4: 1587 daAuts
     D:3: 1156 daAuts
     D:2: 1056 daAuts
     D:5: 861 daAuts
     D:1: 857 daAuts
     D:6: 95 daAuts
